 Dungeon Sprint DCSS version 0.29.1 (webtiles) character file.

Game seed: 15132133888935873524

86 rocky1 the Carver (level 4, -4/33 HPs)
             Began as a Merfolk Gladiator on Sept 13, 2022.
             Slain by a human (8 damage)
             ... in the Dungeon (Sprint III: "The Ten Rune Challenge").
             The game lasted 00:02:43 (469 turns).

rocky1 the Carver (Merfolk Gladiator)                Turns: 469, Time: 00:02:43

Health: -4/33      AC:  4    Str: 14    XL:     4   Next: 50%
Magic:  4/4        EV: 13    Int:  5    God:
Gold:   24         SH:  0    Dex: 17    Spells: 3/3 levels left

rFire   + . .      SeeInvis .   a - +0 long sword
rCold   . . .      Faith    .   (no shield)
rNeg    . . .      Spirit   .   b - +0 leather armour
rPois   .          Reflect  .   c - +0 helmet
rElec   .          Harm     .   (no cloak)
rCorr   .          Rampage  .   (no gloves)
Will    .....      NoTele   +   (no boots)
Stlth   +.........              (no amulet)
HPRegen 0.11/turn               (no ring)
MPRegen 0.09/turn               (no ring)

@: hasted, very quick
A: (nimble swimmer 2), mertail, dopey 1, fire resistance 1, high MP 1
a: no special abilities


You were in the Dungeon.
You visited 1 branch You collected 24 gold pieces.

Inventory:

Hand Weapons
 a - a +0 long sword (weapon)
Missiles
 e - a javelin (quivered)
Armour
 b - a +0 leather armour (worn)
 c - a +0 helmet (worn)
Scrolls
 k - a scroll of blinking
 l - 2 scrolls of immolation {unknown}
 n - a scroll of torment {unknown}
 o - a scroll of enchant weapon {unknown}
Potions
 i - 2 potions of magic
 m - a potion of flight {unknown}
 p - a potion of ambrosia {unknown}
 q - 4 potions of mutation


   Skills:
 + Level 2.1 Fighting
 + Level 10.8 Long Blades
 - Level 2.0 Throwing
 + Level 0.0 Armour
 + Level 4.0 Dodging
 + Level 0.0 Stealth


You had 3 spell levels left.
You didn't know any spells.
Your spell library was empty.

Dungeon Overview and Level Annotations

Branches:
Dungeon (1/1)

Altars:
Okawaru
Trog
Uskayaw
Wu Jian


Innate Abilities, Weirdness & Mutations

((You are very nimble when in or above water. (Stealth+, EV+, Speed+++)))
Your lower body shifts to a powerful aquatic tail in water.
You are dopey. (Int -2)
Your flesh is heat resistant. (rF+)
You have an increased reservoir of magic. (+10% MP)


Message History

The net rips apart, and the human comes free!
You slash the human!
The human is moderately wounded.
The human hits you.
You closely miss the human.
The human is lightly wounded.
The human completely misses you. The human hits you.
You slash the human!
The human is moderately wounded.
The human drinks a potion.
The human seems to grow stronger.
You see here a human skeleton.
You slash the human!
The human is heavily wounded.
The human misses you.
You hit the human.
The human is heavily wounded.
The human closely misses you.
You slash the human!
The human is severely wounded.
The human hits you!
* * * LOW HITPOINT WARNING * * *
You closely miss the human.
The human is severely wounded.
The human hits you but does no damage.
You feel better. The human hits you!
* * * LOW HITPOINT WARNING * * *
Unknown command.
You hit the human.
The human is severely wounded.
The human hits you.
* * * LOW HITPOINT WARNING * * *
You barely miss the human.
The human is severely wounded.
The human barely misses you.
You hit the human.
The human is severely wounded.
You hit the human but do no damage.
The human is severely wounded.
The human hits you!
You die...

▓...#......#####..# ___#
▓..##.......#..#..# __)
▓##.##.##...#..#..###+#'###
##.##.###..##'#..#...p....
▓#.####.##..###...'.⌠......
▓.###..##..####...#...#####
▓#.....##..###....#.⌠.#
###..##...##p....#...#
#†.##...@#......#+###
#..###..##p#.....# #). #..
####....# ▓▓▓ ▓▓▓ ▓▓▓▓▓▓


You could see a human (berserk).

Vanquished Creatures
  A water elemental (D)
  A human (D)
  A phantom (D)
  An endoplasm (D)
  3 rats (D)
7 creatures vanquished.

Notes
Turn   | Place    | Note
-------+----------+-------------------------------------------
     0 | D        | rocky1 the Merfolk Gladiator began the quest for the Orb.
     0 | D        | Reached XP level 1. HP: 16/16 MP: 1/1
    10 | D        | Reached skill level 4 in Long Blades
    22 | D        | Reached skill level 5 in Long Blades
    52 | D        | Reached skill level 7 in Long Blades
    52 | D        | Reached XP level 2. HP: 9/22 MP: 2/2
   341 | D        | Reached XP level 3. HP: 23/27 MP: 3/3
   365 | D        | Gained mutation: Your flesh is heat resistant. (rF+)
                  | [potion of mutation]
   365 | D        | Gained mutation: You have an increased reservoir of magic.
                  | (+10% MP) [potion of mutation]
   365 | D        | Gained mutation: You are dopey. (Int -2) [potion of
                  | mutation]
   380 | D        | Noticed a water elemental
   384 | D        | Killed a water elemental
   385 | D        | Reached skill level 10 in Long Blades
   385 | D        | Reached XP level 4. HP: 33/33 MP: 4/4
   441 | D        | Found a hide-covered altar of Uskayaw.
   441 | D        | Found an iron altar of Okawaru.
   441 | D        | Found a bloodstained altar of Trog.
   441 | D        | Found an ornate altar of the Wu Jian Council.
   441 | D        | Noticed a human
   441 | D        | Noticed a human
   469 | D        | Slain by a human

Illustrated notes

Levels and vault maps discovered:
D:        dungeon_sprint_mu [sprint_mu_entry_cave, sprint_mu_temple_rooms,
          sprint_mu_d1_horrors, sprint_mu_d2_genie, sprint_mu_d3_branching,
          sprint_mu_orc_legion, sprint_mu_elf_gauntlet, sprint_mu_hive_nellie,
          sprint_mu_lair_fedhas, sprint_mu_vaults_butterflies,
          sprint_mu_slime_circle, sprint_mu_swamp_cave, sprint_mu_snake_twists,
          sprint_mu_blade_basic, sprint_mu_crypt_lich, sprint_mu_tomb_spiral,
          sprint_mu_vestibule_basic, sprint_mu_gehenna_hellfire,
          sprint_mu_dis_giant, sprint_mu_tartarus_statrot,
          sprint_mu_cocytus_islands, sprint_mu_zot1]

Skill      XL: |  1  2  3 |
---------------+----------+-----
Long Blades    | 7 10 | 10.8
Fighting       | |  2.1
Throwing       | |  2.0
Dodging        | |  4.0

Action                   |  1- 3 |  4- 6 || total
-------------------------+-------+-------++-------
Melee: Long sword        |    22 |    12 ||    34
       Punch             |     1 |       ||     1
Throw: Throwing net      |     3 |     1 ||     4
  Use: Potion            |     2 |     3 ||     5
 Stab: Sleeping          |     3 |       ||     3
       Held in net/web   |     1 |       ||     1
Armor: Leather armour    |       |     1 ||     1
Dodge: Dodged            |     3 |     7 ||    10
